 Dungeon Crawl Stone Soup version 0.29.1-2-gbd0b4ee654 (webtiles) character file.

Game seed: 15551260989841590637

415 tizbic2 the Covered (level 7, -2/54 HPs)
             Began as a Human Fighter on Nov 3, 2022.
             Was an Initiate of Okawaru.
             Slain by a water moccasin (4 damage)
             ... on level 5 of the Dungeon.
             The game lasted 00:11:18 (3893 turns).

tizbic2 the Covered (Human Fighter)                 Turns: 3893, Time: 00:11:18

Health: -2/54      AC:  9    Str: 17 (19) XL:     7   Next: 15%
Magic:  9/9        EV:  9    Int:  5 (8)  God:    Okawaru [......]
Gold:   299        SH:  4    Dex: 10 (12) Spells: 9/9 levels left

rFire   . . .      SeeInvis .   n - +0 mace
rCold   . . .      Faith    .   c - +0 buckler
rNeg    . . .      Spirit   .   b - +0 scale mail
rPois   .          Reflect  .   q - +0 helmet
rElec   .          Harm     .   y - +0 cloak
rCorr   .          Rampage  .   (no gloves)
Will    .....                   (no boots)
Stlth   ..........              (no amulet)
HPRegen 0.18/turn               (no ring)
MPRegen 0.11/turn               (no ring)

@: lethally poisoned (-2 -> -3), flying
A: evolution 1
a: Renounce Religion


You were on level 5 of the Dungeon.
You worshipped Okawaru.
Okawaru was noncommittal.
You visited 1 branch of the dungeon, and saw 5 of its levels.

You collected 299 gold pieces.

Inventory:

Hand Weapons
 a - a +0 flail
 n - a +0 mace (weapon)
 t - a +0 bardiche
Missiles
 r - 4 poisoned darts (quivered)
Armour
 b - a +0 scale mail (worn)
 c - a +0 buckler (worn)
 d - a +0 ring mail
 q - a +0 helmet (worn)
 y - a +0 cloak (worn)
Jewellery
 v - a ring of protection from fire
Wands
 u - a wand of paralysis (12)
Scrolls
 e - 2 scrolls of fear {unknown}
 f - a scroll of immolation {unknown}
 g - 5 scrolls of teleportation
 h - 2 scrolls of enchant armour {unknown}
 j - a scroll of amnesia {unknown}
 l - a scroll of summoning {unknown}
 o - a scroll of poison {unknown}
 p - 2 scrolls of vulnerability {unknown}
 w - 5 scrolls of identify
 x - a scroll of butterflies {unknown}
 z - a scroll of blinking {unknown}
 A - a scroll of magic mapping {unknown}
Potions
 k - a potion of mutation
 m - 2 potions of degeneration


   Skills:
 + Level 4.0 Fighting
 + Level 3.3 Maces & Flails
 + Level 4.3 Armour
 + Level 4.0 Shields
 + Level 1.9 Spellcasting
 * Level 2.3 Ice Magic


You had 9 spell levels left.
You didn't know any spells.
Your spell library contained the following spells:

 Spells                   Type           Power      Damage    Failure   Level
 Frozen Ramparts          Ice            4%         1d1       91%         3
 Gell's Gravitas          Tloc           0%         N/A       99%         3
 Lesser Beckoning         Tloc           0%         N/A       99%         3
 Teleport Other           Tloc           0%         N/A       99%         3
 Ice Form                 Ice/Tmut       1%         N/A       100%        4
 Summon Ice Beast         Ice/Summ       Unusable   N/A       N/A         4

Dungeon Overview and Level Annotations

Branches:
Dungeon (5/15)             Temple (0/1) D:4

Altars:
Okawaru
Qazlal
Zin

Shops:
D:4 *


Innate Abilities, Weirdness & Mutations

You have hidden genetic potential.


Message History

The water moccasin is heavily wounded.
You feel very sick. The water moccasin bites you. x2
You are more poisoned.
The water moccasin poisons you!
You hit the water moccasin.
The water moccasin is heavily wounded.
You feel very sick. The water moccasin barely misses you.
The water moccasin bites you but does no damage.
You barely miss the water moccasin.
The water moccasin is heavily wounded.
You feel very sick. The water moccasin bites you.
It was a potion of mutation.
You feel extremely strange.
You feel a hidden potential growing inside you.
You feel very sick.
The water moccasin barely misses you. x2
It was a potion of flight.
You feel very buoyant.
You fly up into the air.
You feel sick. The water moccasin bites you.
* * * LOW HITPOINT WARNING * * *
You hit the water moccasin.
The water moccasin is severely wounded.
You feel sick.
The water moccasin bites you but does no damage.
The water moccasin barely misses you.
You barely miss the water moccasin.
The water moccasin is severely wounded.
You feel sick. The water moccasin barely misses you.
The water moccasin bites you but does no damage.
You hit the water moccasin but do no damage.
The water moccasin is severely wounded.
You feel sick. The water moccasin bites you.
* * * LOW HITPOINT WARNING * * *
You miss the water moccasin.
The water moccasin is severely wounded.
* * * LOW HITPOINT WARNING * * *
You feel sick. The water moccasin bites you.
You die...

#.[.# .... #...# ...[
#...####....
#.......# #.......#
#.......# # #.......#
..+.##+##+#S...#
........).'@...#
.#....))##....#
#......##........
#......##........#
.........##........#
.........####+####...
.........# .##
.........# #
###......+


You could see a water moccasin.

Vanquished Creatures
  Sigmund (D:2)
  A gnoll sergeant (D:5)
  An orc priest (D:3)
  A hound (D:5)
  3 gnolls (D:5)
  2 adders
  A shadow imp (D:5)
  An ufetubus (D:4)
  2 worms
  4 dart slugs
  4 orcs
  7 ball pythons
  2 bats (D:2)
  3 endoplasms
  2 giant cockroaches (D:3)
  9 goblins
  7 hobgoblins
  6 jackals
  A quokka (D:1)
  2 frilled lizards
  2 kobolds
  2 rats
64 creatures vanquished.

Notes
Turn   | Place    | Note
-------+----------+-------------------------------------------
     0 | D:1      | tizbic2 the Human Fighter began the quest for the Orb.
     0 | D:1      | Reached XP level 1. HP: 18/18 MP: 1/1
   215 | D:1      | Reached XP level 2. HP: 24/24 MP: 2/2
   511 | D:2      | Reached XP level 3. HP: 28/29 MP: 3/3
   552 | D:2      | Noticed Sigmund
  1129 | D:2      | Killed Sigmund
  1130 | D:2      | Reached skill level 1 in Spellcasting
  1130 | D:2      | Reached skill level 1 in Ice Magic
  1130 | D:2      | Reached XP level 4. HP: 19/37 MP: 3/5
  1130 | D:2      | Reached XP level 5. HP: 22/42 MP: 3/6
  1130 | D:2      | Reached XP level 6. HP: 25/48 MP: 3/7
  1620 | D:3      | Found a large runed translucent door.
  1621 | D:3      | Found a large runed translucent door.
  1630 | D:3      | Found a stormy altar of Qazlal.
  1640 | D:3      | Found an iron altar of Okawaru.
  1648 | D:3      | Became a worshipper of Warmaster Okawaru
  2864 | D:4      | Found a staircase to the Ecumenical Temple.
  3071 | D:4      | Found Zin's Purification Station.
  3074 | D:4      | Found a glowing silver altar of Zin.
  3636 | D:5      | Entered Level 5 of the Dungeon
  3697 | D:5      | Reached XP level 7. HP: 7/54 MP: 9/9
  3774 | D:5      | Noticed a water moccasin
  3888 | D:5      | Gained mutation: You have hidden genetic potential. [potion
                  | of mutation]
  3893 | D:5      | HP: 2/54 [poisoned by a water moccasin]
  3893 | D:5      | Slain by a water moccasin

Illustrated notes

Levels and vault maps discovered:
D:1:      grunt_arrival_crossed_arrows, layout_basic
D:2:      layout_basic, kennysheep_cross_room, corexii_shack, uniq_sigmund
D:3:      minmay_spotlight, layout_basic, jmf_multi_god_temple2,
          minmay_misc_feat_doors
D:4:      layout_basic, zin_purify, minmay_temple_entry_hall, minmay_vboxes
D:5:      layout_basic, mainiacjoe_overflow_chevrons, kennysheep_mini,
          serial_shops, nicolae_shop_overgrown_old_shop

Skill      XL: |  1  2  3  4  5  6 |
---------------+-------------------+-----
Maces & Flails | 3 |  3.3
Armour         | 4 |  4.3
Spellcasting   | 1 |  1.9
Ice Magic      | 1 2 |  2.3
Fighting       | 4 |  4.0
Shields        | 4 |  4.0

Action                   |  1- 3 |  4- 6 |  7- 9 || total
-------------------------+-------+-------+-------++-------
Melee: Flail             |    38 |       |       ||    38
       Mace              |    72 |   152 |    23 ||   247
  Use: Potion            |     1 |     3 |     3 ||     7
       Scroll            |       |     2 |       ||     2
Armor: Scale mail        |    59 |    80 |    13 ||   152
Dodge: Dodged            |    68 |    81 |    10 ||   159
Block: Buckler           |    30 |    41 |     3 ||    74
